 Dungeon Crawl Stone Soup version 0.21-a0-440-g28109cb (webtiles) character file.

2808 namelastname112 the Destroyer (level 10, -3/59 HPs)
             Began as a Kobold Conjurer on Nov 10, 2017.
             Was a Follower of Dithmenos.
             Shot with a sling bullet by Joseph (14 damage)
             ... on level 7 of the Dungeon.
             The game lasted 00:13:32 (7491 turns).

namelastname112 the Destroyer (Kobold Conjurer)     Turns: 7491, Time: 00:13:33

Health: -3/59      AC:  6    Str:  6    XL:     10   Next: 2%
Magic:  3/22       EV: 19    Int: 19    God:    Dithmenos [*.....]
Gold:   213        SH:  0    Dex: 16    Spells: 16/25 levels left

rFire    . . .     SeeInvis .   q - +1 dagger (drain)
rCold    . . .     Gourm    .   (shield restricted)
rNeg     . . .     Faith    .   a - +0 robe
rPois    .         Spirit   .   (no helmet)
rElec    .         Reflect  .   (no cloak)
rCorr    .         Harm     +   B - +1 pair of gloves
MR       .....                  t - +1 pair of boots
Stlth    +++.......             x - amulet of harm
HPRegen  0.19/turn              k - ring of flight
MPRegen  0.18/turn              (no ring)

@: wreathed by umbra
A: carnivore 3
a: Renounce Religion, Evoke Flight


You were on level 7 of the Dungeon.
You worshipped Dithmenos.
Dithmenos was aware of your devotion.
You were very full.

You visited 2 branches of the dungeon, and saw 8 of its levels.
You also visited: Sewer.

You collected 213 gold pieces.

Inventory:

Hand Weapons
 q - a +1 dagger of draining (weapon)
Armour
 a - a +0 robe (worn)
 t - a +1 pair of boots (worn)
 z - a +2 buckler
 B - a +1 pair of gloves (worn)
Jewellery
 k - a ring of flight (left hand)
 x - an amulet of harm (around neck)
Scrolls
 e - a scroll of fog
 f - 3 scrolls of enchant armour
 h - a scroll of magic mapping
 m - 4 scrolls of remove curse
 y - a scroll of teleportation
 A - a scroll of holy word
Potions
 d - 3 potions of flight
 g - a potion of resistance
 i - 9 potions of heal wounds
 j - 2 potions of might
 p - 8 potions of curing
 r - a potion of lignification
 u - a potion of haste
 v - a potion of agility
 w - a potion of berserk rage
Books
 b - a book of Conjurations

   Spells                             Type                      Level
   a - Magic Dart                     Conjuration                  1
   b - Searing Ray                    Conjuration                  2
   c - Dazzling Spray                 Conjuration/Hexes            3
   d - Fulminant Prism                Conjuration/Hexes            4
   e - Force Lance                    Conjuration/Translocation    4
   f - Iskenderun's Mystic Blast      Conjuration                  4
 n - a book of Debilitation

   Spells                             Type                      Level
   a - Corona                         Hexes                        1
   b - Slow                           Hexes                        2
   c - Inner Flame                    Hexes/Fire                   3
   d - Portal Projectile              Hexes/Translocation          3
   e - Cause Fear                     Hexes                        4
   f - Leda's Liquefaction            Hexes/Earth                  4
 s - a book of Minor Magic

   Spells                             Type                      Level
   a - Magic Dart                     Conjuration                  1
   b - Blink                          Translocation                2
   c - Call Imp                       Summoning                    2
   d - Slow                           Hexes                        2
   e - Conjure Flame                  Conjuration/Fire             3
   f - Mephitic Cloud                 Conjuration/Poison/Air       3
Comestibles
 c - 6 meat rations
 l - 3 royal jellies


   Skills:
 + Level 5.1 Fighting
 + Level 6.2 Dodging
 - Level 2.6 Stealth
 + Level 8.2 Spellcasting
 + Level 8.9 Conjurations


You had 16 spell levels left.
You knew the following spells:

 Your Spells              Type           Power        Failure   Level  Hunger
a - Blink                 Tloc           N/A          14%         2    None
c - Iskenderun's Mystic   Conj           #####...     2%          4    ###....
x - Searing Ray           Conj           #####.       1%          2    None
z - Magic Dart            Conj           ####         1%          1    None


Dungeon Overview and Level Annotations

Branches:
Dungeon (7/15)             Temple (1/1) D:4

Altars:
Cheibriados
Dithmenos
Gozag
Hepliaklqana
Kikubaaqudgha
Okawaru
Ru
Sif Muna
Uskayaw
Zin

Shops:
D:6 }

Annotations:
D:4 Autsider's ghost, amateur MfSk
D:5 2 transporters
D:7 Joseph


Innate Abilities, Weirdness & Mutations

You are small and have problems with some larger weapons.
You are carnivorous and can eat meat at any time.


Message History

You kill the worker ant!
Dithmenos accepts your kill.
Joseph shoots a sling bullet.
The sling bullet hits you!! The sling bullet burns you.
You take 23 damage, and have 34/59 hp.
MASSIVE DAMAGE!!
You now have 6/22 mp.
Casting: Iskenderun's Mystic Blast
Confirm with . or Enter, or press ? or * to list all spells.
Aiming: Iskenderun's Mystic Blast
Press: ? - help, Shift-Dir - straight line, f/p - Joseph
Aim: Joseph, wielding a hunting sling of flaming and wearing a glowing ring mail (heavily wounded)
The orb of energy hits Joseph.
Joseph is heavily wounded.
Joseph shoots a sling bullet.
The sling bullet hits you!
* * * LOW HITPOINT WARNING * * *
The sling bullet burns you.
* * * LOW HITPOINT WARNING * * *
You take 23 damage, and have 11/59 hp.
MASSIVE DAMAGE!!
You now have 3/22 mp.
You see here a sling bullet.
Joseph shoots a sling bullet.
The sling bullet hits you!
You die...

.. .. .. ######### .#
.#......# .# ........# .#
...###..# ######.####.#
.....#..### #.@.((...@...
...#......#####.###.#####.#
...###..#.........#.#
........#######.#.#.#
#......## #.....# ########
###.### # #############.# #
#.........†...#### #
#................#


You could see Joseph.

Vanquished Creatures
  A hungry ghost (D:7)
  An ice beast (D:5)
  2 sky beasts
  2 black bears (D:6)
  2 orc warriors (D:7)
  2 phantoms
  3 ogres
  5 centaurs
  2 bullfrogs (D:6)
  3 vampire bats (D:5)
  3 crimson imps
  A hound (D:4)
  4 orc priests
  6 orc wizards
  A centaur skeleton (D:4)
  An iguana (D:6)
  3 worker ants
  A hound zombie (D:6)
  A howler monkey skeleton (D:5)
  5 gnolls
  12 adders
  4 river rats (Sewer)
  2 shadow imps
  An ooze (Sewer)
  4 worms
  2 dart slugs
  10 leopard geckos
  15 orcs
  A bat skeleton (D:5)
  3 bat zombies (D:5)
  7 giant cockroaches
  14 goblins
  7 hobgoblins
  3 jackals (D:1)
  23 kobolds
  3 quokkas
  2 ball pythons (Sewer)
  A ball python zombie (D:5)
  8 bats
  6 frilled lizards
  A quokka skeleton (D:6)
  29 rats
207 creatures vanquished.

Vanquished Creatures (others)
  An orc wizard (D:3)
1 creature vanquished.

Grand Total: 208 creatures vanquished

Notes
Turn   | Place    | Note
-------+----------+-------------------------------------------
     0 | D:1      | namelastname112 the Kobold Conjurer began the quest for the Orb.
     0 | D:1      | Reached XP level 1. HP: 10/10 MP: 3/3
   106 | D:1      | Wingboner: Я тогда конкретно на измену высадился. 10 сраного AC, почти полные хп, в конце даже майт выпил.
   118 | D:1      | Wingboner: И всё равно ящерка уконтрапупила.
   190 | D:1      | Reached XP level 2. HP: 15/15 MP: 0/5
   243 | D:1      | Learned a level 2 spell: Searing Ray
   433 | D:1      | Reached XP level 3. HP: 19/19 MP: 2/7
   986 | D:2      | Found a deep blue altar of Sif Muna.
  1007 | D:2      | Reached XP level 4. HP: 22/24 MP: 2/8
  1204 | D:2      | Reached skill level 5 in Conjurations
  1292 | D:2      | Reached XP level 5. HP: 28/28 MP: 5/10
  1628 | D:2      | Found a snail-covered altar of Cheibriados.
  1819 | D:3      | Learned a level 2 spell: Blink
  2202 | D:3      | Reached XP level 6. HP: 27/32 MP: 7/12
  2228 | D:3      | Found a glowing drain.
  2269 | Sewer    | Entered a sewer
  3323 | D:3      | Reached skill level 5 in Spellcasting
  3595 | D:4      | Reached XP level 7. HP: 28/36 MP: 2/14
  3626 | D:4      | Learned a level 4 spell: Iskenderun's Mystic Blast
  3911 | D:4      | Noticed Autsider's ghost (amateur MfSk)
  4317 | D:4      | Found a staircase to the Ecumenical Temple.
  4389 | Temple   | Entered the Ecumenical Temple
  4416 | Temple   | Became a worshipper of Dithmenos the Shadowed
  4548 | D:5      | Entered Level 5 of the Dungeon
  4591 | D:5      | Found a transporter.
  4612 | D:5      | Found a transporter.
  4653 | D:5      | Reached XP level 8. HP: 41/41 MP: 2/17
  4836 | D:5      | namelastname112: блять
  4836 | D:5      | namelastname112: за что батлсферу убрали
  4836 | D:5      | namelastname112: из книги
  4836 | D:5      | namelastname112: пидорас
  4836 | D:5      | namelastname112: ы
  4931 | D:5      | Reached skill level 1 in Fighting
  5084 | D:5      | Wingboner: За имбовость. Сказали, пусть толкают мобов в призму.
  5085 | D:5      | Found an ancient bone altar of Kikubaaqudgha.
  5180 | D:5      | Found a sacrificial altar of Ru.
  5336 | D:5      | namelastname112: но это же говно
  5530 | D:5      | Wingboner: Ну кагбе.
  5576 | D:6      | Found Ifemocuq's Gadget Shop.
  5593 | D:6      | Wingboner: Если IE понерфили, то Cj пусть тоже страдают.
  5595 | D:6      | Reached * piety under Dithmenos
  5604 | D:6      | Reached XP level 9. HP: 39/49 MP: 1/19
  5712 | D:6      | Wingboner: Зато бафф AE и очень большой VM
  5850 | D:6      | Wingboner: EE тоже понерфили.
  6097 | D:6      | namelastname112: а
  6097 | D:6      | namelastname112: сандбласт
  6257 | D:6      | Reached skill level 5 in Dodging
  6261 | D:6      | Wingboner: Не, кожицу отрезали.
  6307 | D:6      | namelastname112: да похуй на нее как-то
  6748 | D:6      | Wingboner: Не согласен, у меня с ней на EE было 35 AC в середине зоопарка. И вообще от всяких кентварей.
  7340 | D:7      | Reached skill level 5 in Fighting
  7340 | D:7      | Reached XP level 10. HP: 59/59 MP: 4/22
  7482 | D:7      | Noticed Joseph
  7491 | D:7      | Shot with a sling bullet by Joseph

Vault maps used:
D:1:      minmay_arrival_shattered_statue
D:2:      lemuel_doored_altar, led_sif_pool, first_bread
D:3:      cheibrodos_old_hovel, gup_sewer_entry_pipe, mrwooster_statue_mirror
D:4:      minmay_temple_entry_hall, hangedman_decor_growths,
          kennysheep_flooded_box, uniq_natasha
D:5:      gammafunk_steamed_eel, nicolae_ru_path_of_blood,
          kennysheep_vampire_church, grunt_ministairs_1, serial_bayou_pond_a
D:6:      serial_shops, shop
D:7:      tso_oasis_becter, nicolae_overflow_hidden_temple, uniq_joseph
Temple:   nicolae_temple_great_sept
Sewer:    sewer_minmay_treatment

Skill      XL: |  1  2  3  4  5  6  7  8  9 |
---------------+----------------------------+-----
Spellcasting   | 3 4 5 6 7 8 |  8.2
Conjurations   | 5 6 7 8 |  8.9
Fighting       | 2 5 |  5.1
Dodging        | 4 6 |  6.2
Stealth        | |  2.6

Action                   |  1- 3 |  4- 6 |  7- 9 | 10-12 || total
-------------------------+-------+-------+-------+-------++-------
Melee: Unarmed           |    34 |       |       |       ||    34
       Dagger            |       |    70 |    14 |       ||    84
 Cast: Magic Dart        |    46 |   210 |   207 |       ||   463
       Searing Ray       |     3 |     3 |    11 |       ||    17
       Iskenderun's Myst |       |       |    19 |     6 ||    25
  Use: Scroll            |       |    14 |     8 |       ||    22
 Stab: Sleeping          |       |       |     1 |       ||     1
  Eat: Chunk             |     9 |     8 |    13 |       ||    30
Armor: Robe              |     8 |    19 |    10 |       ||    37
Dodge: Dodged            |    49 |    92 |    75 |     1 ||   217

Table legend:
 A = Spawn XP
 B = Non-spawn XP
 C = Spawn XP percentage of total XP
 D = Spawn monster count
 E = Non-spawn monster count
 F = Spawn count percentage of total count
 G = Total turns spent on level
                    A         B        C        D         E        F      G
               +---------+---------+-------+---------+---------+-------+---------
         Total |       0 |    4012 |   0.0 |       0 |     208 |   0.0 |  7491
               +---------+---------+-------+---------+---------+-------+---------
           D:1 |       0 |      53 |   0.0 |       0 |      23 |   0.0 |  1008
           D:2 |       0 |     121 |   0.0 |       0 |      26 |   0.0 |   659
           D:3 |       0 |     141 |   0.0 |       0 |      33 |   0.0 |  1171
           D:4 |       0 |     345 |   0.0 |       0 |      14 |   0.0 |   626
           D:5 |       0 |    1035 |   0.0 |       0 |      24 |   0.0 |  1015
           D:6 |       0 |    1256 |   0.0 |       0 |      25 |   0.0 |  1215
           D:7 |       0 |     903 |   0.0 |       0 |      15 |   0.0 |   713
         Sewer |       0 |     158 |   0.0 |       0 |      48 |   0.0 |  1044
               +---------+---------+-------+---------+---------+-------+---------
